 Dungeon Crawl Stone Soup version 0.25-a0-869-g05d4e06a41 (webtiles) character file.

Game seed: 12901174159066437383, levelgen mode: deterministic

68 tilp the Bolt Thrower (level 4, 0/25 HPs)
             Began as a Kobold Arcane Marksman on May 1, 2020.
             Killed from afar by an orc wizard (6 damage)
             ... with a magic dart
             ... on level 3 of the Dungeon.
             The game lasted 00:04:37 (2464 turns).

tilp the Bolt Thrower (Kobold Arcane Marksman)      Turns: 2464, Time: 00:04:37

Health: 0/25       AC:  2    Str:  8    XL:     4   Next: 41%
Magic:  4/5        EV: 15    Int: 14    God:
Gold:   108        SH:  0    Dex: 15    Spells: 2/5 levels left

rFire    . . .     SeeInvis .   a - +0 hand crossbow
rCold    . . .     Gourm    .   (shield restricted)
rNeg     . . .     Faith    .   e - +0 robe
rPois    .         Spirit   .   (no helmet)
rElec    .         Reflect  .   (no cloak)
rCorr    .         Harm     .   (no gloves)
MR       .....                  (no boots)
Stlth    +.........             (no amulet)
HPRegen  0.08/turn              (no ring)
MPRegen  0.09/turn              (no ring)

@: no status effects
A: small, carnivore
a: no special abilities


You were on level 3 of the Dungeon.
You were completely stuffed.

You visited 1 branch of the dungeon, and saw 3 of its levels.

You collected 108 gold pieces.

Inventory:

Hand Weapons
 a - a +0 hand crossbow (weapon)
 b - a +0 trident
 t - a +0 mace
Missiles
 d - 13 bolts (quivered)
 n - 14 poisoned darts
 o - 8 curare-tipped darts
 s - 5 boomerangs
Armour
 e - a +0 robe (worn)
Jewellery
 g - an uncursed ring of magical power {unknown}
Scrolls
 f - a scroll of amnesia {unknown}
 h - a scroll of fog {unknown}
 j - 2 scrolls of blinking {unknown}
 p - a scroll of identify {unknown}
Potions
 i - a potion of berserk rage {unknown}
 k - a potion of flight {unknown}
 l - a potion of lignification {unknown}
 m - a potion of heal wounds {unknown}
 r - a potion of stabbing {unknown}
Comestibles
 c - 5 rations
 q - 2 chunks of flesh


   Skills:
 - Level 1.1 Fighting
 + Level 5.2 Crossbows
 - Level 2.4 Dodging
 - Level 1.1 Spellcasting
 - Level 3.0 Hexes


You had 2 spell levels left.
You knew the following spells:

 Your Spells              Type           Power        Failure   Level  Hunger
a - Corona                Hex            #......      8%          1    ##.....
b - Slow                  Hex            #.......     12%         2    ###....

Your spell library contained the following spells:

 Spells                   Type           Power        Failure   Level  Hunger
 Inner Flame              Hex/Fire       #.......     38%         3    ####...
 Portal Projectile        Hex/Tloc       #.....       38%         3    ####...
 Cause Fear               Hex            #.........   58%         4    #####..
 Leda's Liquefaction      Hex/Erth       #.........   80%         4    #####..


Dungeon Overview and Level Annotations

Branches:
Dungeon (3/15)

Altars:


Innate Abilities, Weirdness & Mutations

You are small and have problems with some larger weapons.
You are carnivorous and can eat meat at any time.


Message History

You shoot a bolt. The bolt closely misses the orc wizard.
The bolt hits the orc.
The orc is severely wounded.
Firing (i - inventory. (/) - cycle)
d - 16 bolts (quivered)
Press: ? - help, Shift-Dir - straight line, f/p - orc wizard
Aim: an orc wizard, wielding a +0 dagger and wearing a +0 robe (lightly wounded)
You shoot a bolt. The bolt hits the orc wizard!
The orc wizard is severely wounded.
Firing (i - inventory. (/) - cycle)
d - 15 bolts (quivered)
Press: ? - help, Shift-Dir - straight line, f/p - orc wizard
Aim: an orc wizard, wielding a +0 dagger and wearing a +0 robe (severely wounded)
You shoot a bolt. The bolt misses the orc wizard.
Firing (i - inventory. (/) - cycle)
d - 14 bolts (quivered)
Press: ? - help, Shift-Dir - straight line, f/p - orc wizard
Aim: an orc wizard, wielding a +0 dagger and wearing a +0 robe (severely wounded)
You shoot a bolt. The bolt barely misses the orc wizard.
The bolt hits the orc!
You kill the orc!
The orc wizard casts a spell at you. The magic dart hits you.
You die...

######.# .......## #......#
..!...# #......### .....##
#........# .##...
#......#.#####.#...
#..................
#.................#
#.......).........# ..
#.......@.........# ..
#........o>.......## ##..
###.###).o.......... ....
#.# #............ ....
#####.###....()##.##.# ....
#..........)...(.....##...#
#......####....######.)...#
#.....#####.##.(...........
#.....##....####....####...


You could see an orc wizard and an orc.

Vanquished Creatures
  2 adders (D:2)
  A worm (D:2)
  2 dart slugs
  A leopard gecko (D:1)
  4 orcs (D:3)
  A ball python (D:1)
  3 hobgoblins
  4 jackals
  6 kobolds
  2 bats
  3 frilled lizards
  4 goblins
  5 rats
38 creatures vanquished.

Notes
Turn   | Place    | Note
-------+----------+-------------------------------------------
     0 | D:1      | tilp the Kobold Arcane Marksman began the quest for the
                  | Orb.
     0 | D:1      | Reached XP level 1. HP: 12/12 MP: 2/2
   402 | D:1      | Reached skill level 3 in Crossbows
   439 | D:1      | Reached XP level 2. HP: 15/16 MP: 3/3
   902 | D:2      | Reached skill level 4 in Crossbows
   902 | D:2      | Reached XP level 3. HP: 20/20 MP: 4/4
   912 | D:2      | Learned a level 2 spell: Slow
  1858 | D:2      | Reached XP level 4. HP: 7/25 MP: 5/5
  2098 | D:2      | Reached skill level 5 in Crossbows
  2464 | D:3      | Killed from afar by an orc wizard

Levels and vault maps discovered:
D:1:      minmay_arrival_widening_spiral_narrow, layout_loops_cross
D:2:      layout_basic, minmay_misc_feat_columns
D:3:      layout_rooms, lemuel_coloured_pillars_altar, elyvilon_altar_3,
          uniq_terence

Skill      XL: |  1  2  3  4 |
---------------+-------------+-----
Crossbows      | 3 4 5 |  5.2
Fighting       | |  1.1
Dodging        | |  2.4
Spellcasting   | |  1.1
Hexes          | |  3.0

Action                   |  1- 3 |  4- 6 || total
-------------------------+-------+-------++-------
Melee: Dagger            |     5 |       ||     5
       Unarmed           |     1 |       ||     1
       Mace              |    44 |     8 ||    52
       Trident           |       |     9 ||     9
       Hand crossbow     |       |     1 ||     1
 Fire: Hand crossbow     |    47 |    27 ||    74
 Cast: Corona            |     1 |     4 ||     5
 Stab: Sleeping          |     1 |       ||     1
  Eat: Chunk             |    11 |     2 ||    13
Armor: Robe              |    17 |     9 ||    26
Dodge: Dodged            |    70 |    23 ||    93

Table legend:
 A = Non-vault XP
 B = Vault XP
 C = Vault XP percentage of total XP
 D = Non-vault monster count
 E = Vault monster count
 F = Vault count percentage of total count
                 A         B        C        D         E       F
            +---------+---------+-------+---------+---------+-------
      Total |      98 |       0 |   0.0 |      38 |       0 |   0.0
            +---------+---------+-------+---------+---------+-------
        D:1 |      27 |       0 |   0.0 |      16 |       0 |   0.0
        D:2 |      45 |       0 |   0.0 |      11 |       0 |   0.0
        D:3 |      26 |       0 |   0.0 |      11 |       0 |   0.0
            +---------+---------+-------+---------+---------+-------
